 Dungeon Crawl Stone Soup version 0.21.1-1-g345015fe64 (webtiles) character file.

26486 Gargoyl the Protected (level 12, -14/100 HPs)
             Began as a Centaur Abyssal Knight on May 14, 2018.
             Was a Priest of Lugonu.
             Demolished by a wyvern (27 damage)
             ... on level 6 of the Lair of Beasts on May 15, 2018.
             The game lasted 00:34:17 (22967 turns).

Gargoyl the Protected (Centaur Abyssal Knight)     Turns: 22967, Time: 00:34:18

Health: -14/100    AC: 14    Str: 20    XL:     12   Next: 98%
Magic:  15/19      EV:  7    Int: 15    God:    Lugonu [***...]
Gold:   894        SH:  0    Dex: 13    Spells: 11/11 levels left

rFire    + + +     SeeInvis .   t - +2 hand axe of Gallantry {venom, *Corrode rF+ Int+4 Stlth+}
rCold    + . .     Gourm    .   i - +4 large shield
rNeg     . . .     Faith    .   P - +5 leather armour "Luigabro" {rPois rF+}
rPois    +         Spirit   .   (no helmet)
rElec    .         Reflect  +   h - scarf {rC+ rF+}
rCorr    .         Harm     .   x - +2 pair of gloves
MR       +....                  (no barding)
Stlth    ++........             y - +3 amulet of reflection
HPRegen  0.26/turn              b - ring of protection from magic
MPRegen  0.16/turn              O - +4 ring of strength

@: sleeping, very quick
A: large, hooves 3, deformed body, speed 2, tough skin 3
a: Depart the Abyss, Bend Space, Banish, Renounce Religion


You were on level 6 of the Lair of Beasts.
You worshipped Lugonu.
Lugonu was most pleased with you.
You were not hungry.

You visited 2 branches of the dungeon, and saw 15 of its levels.
You visited the Abyss 1 time.
You also visited: Sewer.

You collected 1113 gold pieces.
You spent 219 gold pieces at shops.

Inventory:

Hand Weapons
 a - a +2 hand axe
 t - the +2 hand axe of Gallantry (weapon) {venom, *Corrode rF+ Int+4 Stlth+}
   (You found it on level 4 of the Dungeon)

   It poisons the flesh of those it strikes.
   It affects your intelligence (+4).
   It protects you from fire.
   It may corrode you when you take damage.
   It makes you more stealthy.
 u - a +6 war axe
Missiles
 G - 4 tomahawks (quivered)
Armour
 h - a scarf of resistance (worn)
 i - a +4 large shield (worn)
 x - a +2 pair of gloves (worn)
 P - the +5 leather armour "Luigabro" (worn) {rPois rF+}
   (You found it on level 6 of the Lair of Beasts)

   It protects you from fire.
   It protects you from poison.
Jewellery
 b - a ring of protection from magic (left hand)
 f - an uncursed ring of flight
 l - an uncursed ring of see invisible
 y - a +3 amulet of reflection (around neck)
 O - a +4 ring of strength (right hand)
Wands
 z - a wand of paralysis (20)
 D - a wand of iceblast (5)
 E - a wand of flame (33)
 J - a wand of digging (21)
 L - a wand of disintegration (28)
Scrolls
 e - 2 scrolls of fear
 n - 6 scrolls of identify
 p - 3 scrolls of fog
 q - 8 scrolls of remove curse
 s - 4 scrolls of teleportation
 w - 3 scrolls of amnesia
 B - 2 scrolls of blinking
 C - a scroll of holy word
Potions
 d - 2 potions of haste
 g - 3 potions of ambrosia
 j - 6 potions of curing
 k - 3 potions of lignification
 m - 2 potions of resistance
 v - 3 potions of brilliance
 H - a potion of might
 K - 3 potions of invisibility
 N - a potion of cancellation
Books
 r - a book of Cantrips

   Spells                             Type                      Level
   a - Confusing Touch                Hexes                        1
   b - Animate Skeleton               Necromancy                   1
   c - Summon Small Mammal            Summoning                    1
   d - Apportation                    Translocation                1
 F - a book of Geomancy

   Spells                             Type                      Level
   a - Sandblast                      Earth                        1
   b - Passwall                       Transmutation/Earth          2
   c - Stone Arrow                    Conjuration/Earth            3
   d - Petrify                        Transmutation/Earth          4
   e - Lee's Rapid Deconstruction     Earth                        5
 M - a book of Fire

   Spells                             Type                      Level
   a - Ignite Poison                  Fire/Transmutation/Poison    3
   b - Fireball                       Conjuration/Fire             5
   c - Bolt of Fire                   Conjuration/Fire             6
   d - Ring of Flames                 Charms/Fire                  7
   e - Ignition                       Fire                         8
Miscellaneous
 I - 2 sacks of spiders
Comestibles
 c - 30 rations


   Skills:
 + Level 7.0 Fighting
 + Level 9.6 Axes
 + Level 1.7 Throwing
 * Level 9.9 Armour
 + Level 2.1 Dodging
 + Level 7.7 Shields
 * Level 9.9 Invocations
 + Level 0.1 Evocations


You had 11 spell levels left.
You didn't know any spells.

Dungeon Overview and Level Annotations

Branches:
Dungeon (9/15)             Temple (0/1) D:5            Lair (6/6) D:9
 Shoals (0/4) Lair:4        Snake (0/4) Lair:2        Slime (0/5) Lair:5
    Orc: D:9-12

Altars:
Ashenzari
Hepliaklqana
Kikubaaqudgha
Makhleb
Okawaru
Sif Muna
Trog
Vehumet
Xom
The Shining One

Shops:
D:4 =


Innate Abilities, Weirdness & Mutations

You have hooves in place of feet.
Armour fits poorly on your strangely shaped body.
You cover ground very quickly.
You have extremely tough skin. (AC +3)


Message History

The dream sheep bites you!!
You wake up.
* * * LOW HITPOINT WARNING * * *
You block the dream sheep's attack. Space bends around you!
You blink.
Unknown command.
Your surroundings suddenly seem different.
Found 21 gold pieces.
As you read the scroll of teleportation, it crumbles to dust.
You feel strangely unstable.
The dream sheep shake their wool and sparkle.
You feel drowsy...
You fall asleep.
Your surroundings suddenly seem different.
A wyvern comes into view.
The wyvern hisses angrily.
A komodo dragon comes into view.
The komodo dragon hisses angrily.
A komodo dragon and a lava snake come into view.
The lava snake hisses angrily.
The wyvern bites you!!
You die...

#.....#.§≈## ..
##.......§≈≈#
......
≈##.......l§≈≈#
.......
#S≈..........≈
#......
#≈≈≈...9.l..#
#......
#≈≈≈.......#
#......
#≈≈≈...l..##
#......
#...@..8#
#......
###....##
#......
...#8#8#
##...... §§.≈#
## # #.......
###§ §#..#≈
#.....(. ##lD.§
...###
##.......
##l...≈#....8#
##........
§#.....#.....#
##.........
§......#....8#
#....[.....


You could see 2 komodo dragons, a molten gargoyle, a wyvern and a lava snake.

Vanquished Creatures
  Kirke (Lair:5)
  A two-headed ogre (D:8)
  A lindwurm (Lair:5)
  A merfolk siren (Lair:4)
  A centaur zombie (D:8)
  3 black mambas
  7 spiny frogs
  An eye of devastation (Lair:5)
  4 komodo dragons
  A polar bear (Lair:5)
  3 blink frogs
  4 hippogriffs
  A spriggan (D:9)
  4 wyverns
  2 wraiths (Lair:5)
  Eustachio (D:6)
  3 basilisks
  A hog (Lair:5)
  31 yaks
  18 water moccasins
  5 orc warriors
  6 porcupines
  A black bear (D:6)
  A sky beast (D:8)
  An ice beast (D:9)
  2 phantoms
  An eye of draining (Lair:5)
  2 ogres
  12 wolves
  5 centaurs
  8 crocodiles
  16 bullfrogs
  A wyvern skeleton (D:6)
  4 scorpions
  4 killer bees (D:9)
  3 howler monkeys
  An electric eel (Lair:2)
  3 crimson imps
  A jelly (D:8)
  7 hounds
  A quasit (D:6)
  2 gnoll shamans
  4 orc priests
  12 orc wizards
  Jessica (D:3)
  4 worker ants
  A hound skeleton (D:6)
  A howler monkey skeleton (D:5)
  12 gnolls
  25 adders
  2 shadow imps
  An ooze (D:5)
  2 adder zombies (D:6)
  An adder skeleton (D:9)
  3 worms
  2 dart slugs (D:1)
  6 leopard geckos
  23 orcs
  3 giant cockroaches
  6 goblins
  5 hobgoblins
  14 jackals
  2 quokkas
  4 ball pythons (Sewer)
  5 bats (D:1)
  3 frilled lizards
  A giant cockroach zombie (D:5)
  A jackal skeleton (D:5)
  9 kobolds
  2 leopard gecko skeletons
  6 rats
  2 fungi
  5 plants (Lair:5)
344 creatures vanquished.

Vanquished Creatures (others)
  Josephine (Lair:5)
  2 hydras
  An elephant (Lair:6)
  3 black mambas
  A spiny frog (Lair:4)
  A wraith (Lair:5)
  2 humans (Lair:5)
  A hell hound (Lair:6)
  A centaur (D:9)
  A bush (Lair:5)
  12 fungi
  7 plants
33 creatures vanquished.

Grand Total: 377 creatures vanquished

Notes
Turn   | Place    | Note
-------+----------+-------------------------------------------
     0 | Abyss:1  | Gargoyl the Centaur Abyssal Knight began the quest for the Orb.
     0 | Abyss:1  | Reached XP level 1. HP: 19/19 MP: 2/2
     7 | Abyss:1  | Found a burning altar of Makhleb.
    49 | Abyss:2  | Noticed a quasit
    91 | Abyss:2  | Noticed a small abomination
    99 | Abyss:2  | Noticed a green death
   101 | D:1      | Escaped the Abyss
   117 | D:1      | Reached XP level 2. HP: 6/26 MP: 3/3
   667 | D:1      | Reached * piety under Lugonu
   773 | D:1      | Reached XP level 3. HP: 32/33 MP: 4/4
  1092 | D:2      | Found an iron altar of Okawaru.
  1098 | D:2      | Found a shattered altar of Ashenzari.
  1147 | D:2      | Noticed a moth of wrath
  1150 | D:2      | Found a bloodstained altar of Trog.
  1449 | D:2      | Found a deep blue altar of Sif Muna.
  1617 | D:2      | Found a burning altar of Makhleb.
  1618 | D:2      | Found a radiant altar of Vehumet.
  1795 | D:3      | Noticed Jessica
  1802 | D:3      | Killed Jessica
  1802 | D:3      | Reached XP level 4. HP: 24/40 MP: 6/6
  1967 | D:3      | Found a shimmering altar of Xom.
  2179 | D:3      | Reached skill level 1 in Dodging
  3309 | D:4      | Reached XP level 5. HP: 10/46 MP: 7/7
  3632 | D:4      | Reached ** piety under Lugonu
  3632 | D:4      | Reached skill level 1 in Shields
  4125 | D:4      | Noticed a phantom
  4125 | D:4      | Found Loenu's Jewellery Shoppe.
  4138 | D:4      | Got a jewelled hand axe
  4139 | D:4      | Identified the +2 hand axe of Gallantry {venom, *Corrode rF+ Int+4 Stlth+} (You found it on level 4 of the Dungeon)
  4199 | D:4      | Killed a phantom
  4199 | D:4      | Reached XP level 6. HP: 46/52 MP: 8/8
  4563 | D:5      | Entered Level 5 of the Dungeon
  4646 | D:5      | Found a staircase to the Ecumenical Temple.
  4888 | D:4      | Reached XP level 7. HP: 59/59 MP: 9/9
  4916 | D:4      | Bought a +3 amulet of reflection for 219 gold pieces
  5322 | D:5      | Found a shimmering altar of Xom.
  5323 | D:5      | Found a hazy altar of Hepliaklqana.
  5324 | D:5      | Noticed a spectral ugly thing
  5649 | D:6      | Reached XP level 8. HP: 67/67 MP: 11/11
  5834 | D:6      | Reached *** piety under Lugonu
  5834 | D:6      | Reached skill level 5 in Invocations
  6053 | D:6      | Found a glowing drain.
  6083 | Sewer    | Entered a sewer
  6445 | D:6      | Noticed Eustachio
  6467 | D:6      | Killed Eustachio
  6632 | D:6      | Found an ancient bone altar of Kikubaaqudgha.
  6646 | D:6      | Reached XP level 9. HP: 52/72 MP: 13/13
  6918 | D:6      | Reached skill level 5 in Armour
  7123 | D:7      | Found an iron altar of Okawaru.
  7419 | D:7      | Reached **** piety under Lugonu
  7507 | D:7      | Found a glowing golden altar of the Shining One.
  8123 | D:8      | Noticed a two-headed ogre
  8165 | D:8      | Killed a two-headed ogre
  8165 | D:8      | Reached skill level 5 in Axes
  8177 | D:8      | Reached skill level 5 in Shields
  8579 | D:8      | Reached skill level 5 in Fighting
  9409 | D:9      | Reached XP level 10. HP: 81/81 MP: 15/15
 10331 | D:9      | Found a staircase to the Lair.
 10392 | D:9      | Reached ***** piety under Lugonu
 11324 | Lair:1   | Entered Level 1 of the Lair of Beasts
 12689 | Lair:2   | Reached XP level 11. HP: 26/89 MP: 16/16
 14521 | Lair:2   | Found a staircase to the Snake Pit.
 17128 | Lair:4   | Reached XP level 12. HP: 85/97 MP: 18/18
 17209 | Lair:4   | Noticed a seven-headed hydra
 17211 | Lair:4   | Banished a seven-headed hydra
 17862 | Lair:4   | Got an iridescent rapier
 17863 | Lair:4   | Identified the +12 rapier "Dikhlug" {antimagic, Int+2 Dex+3} (You found it on level 4 of the Lair of Beasts)
 18742 | Lair:4   | Found a staircase to the Shoals.
 19325 | Lair:5   | Found a staircase to the Slime Pits.
 19325 | Lair:5   | Noticed Josephine
 19685 | Lair:5   | Noticed Kirke
 19777 | Lair:5   | Killed Kirke
 19795 | Lair:5   | Killed Josephine
 20572 | Lair:5   | Reached skill level 1 in Throwing
 20663 | Lair:5   | Noticed an eight-headed hydra
 20664 | Lair:5   | Banished an eight-headed hydra
 21433 | Lair:6   | Entered Level 6 of the Lair of Beasts
 22070 | Lair:6   | Noticed a six-headed hydra
 22072 | Lair:6   | Banished a six-headed hydra
 22279 | Lair:6   | Noticed an eight-headed hydra
 22281 | Lair:6   | Banished an eight-headed hydra
 22320 | Lair:6   | Got a warped leather armour
 22331 | Lair:6   | Identified the +5 leather armour "Luigabro" {rPois rF+} (You found it on level 6 of the Lair of Beasts)
 22379 | Lair:6   | Noticed a five-headed hydra
 22771 | Lair:6   | Noticed a six-headed hydra
 22967 | Lair:6   | Demolished by a wyvern

Skill      XL: |  1  2  3  4  5  6  7  8  9 10 11 12 |
---------------+-------------------------------------+-----
Axes           | 2 3 4 5 7 8 9 |  9.6
Armour         | 2 3 4 6 7 8 9 |  9.9
Dodging        | 1 2 |  2.1
Fighting       | 4 5 6 7 |  7.0
Invocations    | 3 4 5 6 7 8 9 |  9.9
Shields        | 1 2 4 5 6 7 |  7.7
Throwing       | 1 |  1.7
Evocations     | |  0.1

Action                   |  1- 3 |  4- 6 |  7- 9 | 10-12 || total
-------------------------+-------+-------+-------+-------++-------
Melee: Hand axe          |   111 |   138 |   374 |   900 ||  1523
       Kick              |    24 |    27 |   110 |   274 ||   435
       Rapier            |       |       |       |     3 ||     3
Throw: Tomahawk          |       |       |       |    16 ||    16
Invok: Depart the Abyss  |     1 |       |       |       ||     1
       Banish            |       |       |       |    19 ||    19
       Bend Space        |       |       |       |     1 ||     1
Evoke: Wand              |       |       |     2 |       ||     2
  Use: Scroll            |     5 |     8 |    13 |    22 ||    48
       Potion            |       |       |       |     8 ||     8
  Eat: Chunk             |       |     2 |    10 |    12 ||    24
       Ration            |       |     2 |     1 |    10 ||    13
Armor: Leather armour    |     6 |       |       |    18 ||    24
       Ring mail         |    27 |       |       |       ||    27
       Chain mail        |    30 |    87 |    15 |       ||   132
       Plate armour      |       |       |   163 |   343 ||   506
Dodge: Dodged            |    19 |     1 |    10 |    33 ||    63
Block: Large shield      |    47 |    96 |   366 |   939 ||  1448
       Shield            |     6 |       |       |       ||     6
       Reflection        |       |       |     6 |     6 ||    12
